 Dungeon Crawl Stone Soup version 0.22.0-27-ga576289 (webtiles) character file.

17936 Lew the Protected (level 12, -31/76 HPs)
             Began as a Gargoyle Abyssal Knight on Aug 21, 2018.
             Was the Champion of Lugonu.
             Annihilated by a titanic slime creature (92 damage)
             ... on level 12 of the Dungeon.
             The game lasted 00:36:36 (12443 turns).

Lew the Protected (Gargoyle Abyssal Knight)        Turns: 12443, Time: 00:36:36

Health: -31/76     AC: 34    Str: 19    XL:     12   Next: 53%
Magic:  17/17      EV: 14    Int: 14    God:    Lugonu [******]
Gold:   758        SH:  0    Dex: 15    Spells: 11/11 levels left

rFire    . . .     SeeInvis .   l - +4 whip (drain)
rCold    . . .     Gourm    .   (no shield)
rNeg     + . .     Faith    +   v - +3 chain mail {rPois}
rPois    ∞         Spirit   .   s - +1 helmet
rElec    +         Reflect  .   q - +0 cloak
rCorr    .         Harm     .   B - +2 pair of gloves
MR       +....                  F - +0 pair of boots
Stlth    ..........             k - amulet of faith
HPRegen  0.22/turn              d - +2 ring of protection
MPRegen  0.15/turn              H - +3 ring of dexterity

@: no status effects
A: hooves 1, repulsion field 1, agile 1, magic resistance 1, negative energy
resistance 1, electricity resistance, unbreathing, petrification resistance, rot
immunity, AC +8
a: Depart the Abyss, Bend Space, Banish, Corrupt, Enter the Abyss, Brand Weapon
With Distortion, Renounce Religion


You were on level 12 of the Dungeon.
You worshipped Lugonu.
Lugonu was exalted by your worship.
You were not hungry.

You visited 1 branch of the dungeon, and saw 12 of its levels.
You visited the Abyss 1 time.

You collected 758 gold pieces.

Inventory:

Hand Weapons
 l - a +4 whip of draining (weapon)
 A - a +2 morningstar
 O - a +0 battleaxe
Armour
 q - a +0 cloak (worn)
 s - a +1 helmet (worn)
 v - a +3 chain mail of poison resistance (worn)
 B - a +2 pair of gloves (worn)
 C - +0 steam dragon scales
 F - a +0 pair of boots (worn)
Jewellery
 a - an uncursed ring of stealth
 d - a +2 ring of protection (left hand)
 k - an amulet of faith (around neck)
 u - an uncursed amulet of the gourmand
 G - the ring "Rist" {rF+ rN+}
   (You found it on level 6 of the Dungeon)

   [ring of protection from fire]

   It protects you from fire.
   It protects you from negative energy.
 H - a +3 ring of dexterity (right hand)
Wands
 h - a wand of clouds (3)
 i - a wand of flame (40)
 t - a wand of iceblast (28)
 y - a wand of polymorph (17)
 I - a wand of random effects (37)
 J - a wand of disintegration (57)
 K - a wand of digging (11)
Scrolls
 b - 2 scrolls of amnesia
 e - 4 scrolls of fear
 j - 2 scrolls of remove curse
 o - 2 scrolls of magic mapping
 p - 4 scrolls of teleportation
 r - a scroll of identify
 w - a scroll of blinking
 E - 5 scrolls of fog
Potions
 g - 2 potions of cancellation
 m - 4 potions of curing
 n - 2 potions of heal wounds
 x - 2 potions of brilliance
 z - 4 potions of haste
 D - a potion of flight
 P - a potion of invisibility
Comestibles
 c - 20 rations


   Skills:
 + Level 9.4 Fighting
 * Level 6.6(8.5) Axes
 + Level 8.9(10.0) Maces & Flails
 * Level 9.9 Armour
 * Level 7.5 Dodging
 - Level 5.0 Stealth
 * Level 7.9 Invocations


You had 11 spell levels left.
You didn't know any spells.
Your spell library was empty.

Dungeon Overview and Level Annotations

Branches:
Dungeon (12/15)            Temple (0/1) D:7            Lair (0/6) D:8
    Orc (0/2) D:10

Altars:
Ashenzari
Elyvilon
Gozag
Hepliaklqana
Makhleb
Qazlal
Ru
The Shining One


Innate Abilities, Weirdness & Mutations

You are resistant to torment.
Your stone body is resilient. (AC +8)
You are immune to poison.
You resist negative energy. (rN+)
You are resistant to electric shocks. (rElec)
You can survive without breathing.
You are immune to petrification.
You are immune to rotting.
You have large cloven feet.
You are surrounded by a mild repulsion field. (EV +2)
You are agile. (Dex +2)
You are resistant to hostile enchantments. (MR+)


Message History

Aim: an enormous slime creature (poison gas, lightly wounded, lightly drained)
The puff of flame hits the enormous slime creature.
The enormous slime creature is lightly wounded.
There is a stone staircase leading up here.
An adder comes into view.
The adder hisses angrily.
The enormous slime creature seems less drained.
The enormous slime creature barely misses you.
Two slime creatures merge to form a titanic slime creature.
A scorpion comes into view.
The adder bites you but does no damage. The scorpion barely misses you.
The adder bites you but does no damage.
The scorpion stings you but does no damage.
You whack the adder!
You kill the adder!
Lugonu accepts your kill.
You closely miss the scorpion. The scorpion misses you.
The titanic slime creature hits you!!!!
Ouch! That really hurt!
You die...

.# #..# .###..# #
#.... ......# #.
#... ......# #..
#... ..<...#
#..###... ......#
#....... ......#
#......# ......#
#......# ......#
#.....@# ......#
#....J.#
......#####....s.#
.................#
............†....#
.....######......#
.....# #......#
.....# #......#
.....# #......#


You could see a titanic slime creature and a scorpion.

Vanquished Creatures
  Snorg (D:10)
  Harold (D:9)
  A centaur warrior (D:11)
  The ghost of CcS the Cleaver, a novice MiFi of Makhleb (D:10)
  4 two-headed ogres
  An unseen horror (D:9)
  A cyclops (D:11)
  Maurice (D:9)
  A centaur skeleton (D:11)
  4 trolls
  A hornet (D:8)
  2 hippogriffs (D:11)
  2 wyverns
  3 wraiths
  17 yaks (D:11)
  A spriggan (D:9)
  A steam dragon (D:8)
  A hungry ghost (D:7)
  2 water moccasins (D:10)
  An acid dragon (D:11)
  7 orc warriors
  3 black bears
  3 sky beasts
  2 ice beasts
  A necrophage (D:10)
  4 ogres
  2 phantoms
  10 centaurs
  3 big kobolds
  3 bullfrogs
  2 scorpions
  9 wights
  5 electric eels (D:8)
  A quasit (D:10)
  4 crimson imps
  13 hounds
  Crazy Yiuf (D:3)
  3 bullfrog zombies
  A centaur zombie (D:11)
  6 orc priests
  4 jellies
  A bullfrog skeleton (D:4)
  11 orc wizards
  Ijyb (D:4)
  2 iguanas (D:6)
  7 worker ants
  A hound zombie (D:10)
  2 hound skeletons
  A mummy (D:4)
  A worker ant zombie (D:6)
  15 adders
  8 gnolls
  3 shadow imps
  An ooze (D:1)
  An adder skeleton (D:4)
  An adder zombie (D:5)
  2 worms (D:2)
  2 dart slugs (D:1)
  8 leopard geckos
  43 orcs
  5 bats
  8 giant cockroaches
  8 goblins
  6 hobgoblins
  3 quokkas
  5 ball pythons
  7 frilled lizards
  2 hobgoblin zombies (D:4)
  35 kobolds
  2 orc zombies (D:4)
  6 rats
  A fungus (D:3)
333 creatures vanquished.

Notes
Turn   | Place    | Note
-------+----------+-------------------------------------------
     0 | Abyss:1  | Lew the Gargoyle Abyssal Knight began the quest for the Orb.
     0 | Abyss:1  | Reached XP level 1. HP: 14/14 MP: 2/2
    58 | Abyss:1  | Found a corrupted altar of Lugonu.
   118 | Abyss:1  | Noticed a small abomination
   130 | Abyss:1  | Found a corrupted altar of Lugonu.
   143 | Abyss:1  | Found a corrupted altar of Lugonu.
   162 | Abyss:1  | Noticed a rakshasa
   165 | D:1      | Escaped the Abyss
   258 | D:1      | Reached * piety under Lugonu
   258 | D:1      | Reached skill level 1 in Dodging
   258 | D:1      | Reached XP level 2. HP: 19/19 MP: 3/3
   510 | D:1      | Reached XP level 3. HP: 23/23 MP: 4/4
  1222 | D:2      | Reached ** piety under Lugonu
  1453 | D:2      | Reached XP level 4. HP: 29/29 MP: 5/5
  1541 | D:2      | Found a sacrificial altar of Ru.
  1837 | D:2      | Found a hazy altar of Hepliaklqana.
  2020 | D:3      | Found a white marble altar of Elyvilon.
  2027 | D:3      | Gained mutation: You have large cloven feet. [potion of mutation]
  2027 | D:3      | Gained mutation: You are agile. (Dex +2) [potion of mutation]
  2027 | D:3      | Gained mutation: You are resistant to hostile enchantments. (MR+) [potion of mutation]
  2027 | D:3      | Gained mutation: You are surrounded by a mild repulsion field. (EV +2) [potion of mutation]
  2028 | D:3      | Found an opulent altar of Gozag.
  2049 | D:3      | Reached *** piety under Lugonu
  2051 | D:3      | Reached XP level 5. HP: 33/33 MP: 6/6
  2507 | D:3      | Found a runed door.
  2511 | D:3      | Noticed Crazy Yiuf
  2519 | D:3      | Killed Crazy Yiuf
  2908 | D:4      | Found a burning altar of Makhleb.
  2908 | D:4      | Noticed a cacodemon
  2919 | D:4      | Reached XP level 6. HP: 39/39 MP: 7/7
  3194 | D:4      | Noticed Ijyb
  3201 | D:4      | Killed Ijyb
  3293 | D:4      | Noticed an orc warrior
  3478 | D:4      | Killed an orc warrior
  3478 | D:4      | Reached skill level 5 in Fighting
  3478 | D:4      | Reached XP level 7. HP: 31/44 MP: 8/8
  3942 | D:5      | Entered Level 5 of the Dungeon
  3957 | D:5      | Reached **** piety under Lugonu
  3972 | D:5      | Reached skill level 1 in Maces & Flails
  4075 | D:5      | Found a shattered altar of Ashenzari.
  4369 | D:5      | Found a glowing golden altar of the Shining One.
  4660 | D:6      | Reached skill level 5 in Armour
  4660 | D:6      | Reached XP level 8. HP: 47/50 MP: 9/9
  4989 | D:6      | Got a smoking lead ring
  5069 | D:6      | Identified the ring "Rist" {rF+ rN+} (You found it on level 6 of the Dungeon)
  5470 | D:7      | Reached ***** piety under Lugonu
  5503 | D:7      | Reached XP level 9. HP: 33/56 MP: 10/10
  5804 | D:7      | Reached skill level 5 in Maces & Flails
  6036 | D:7      | Found a staircase to the Ecumenical Temple.
  6257 | D:7      | Reached skill level 1 in Stealth
  6743 | D:8      | Noticed a troll
  6768 | D:8      | Killed a troll
  6780 | D:8      | Reached skill level 5 in Dodging
  6866 | D:8      | Found a staircase to the Lair.
  7101 | D:8      | Reached XP level 10. HP: 63/63 MP: 13/13
  7431 | D:8      | Noticed a two-headed ogre
  7490 | D:8      | Killed a two-headed ogre
  7490 | D:8      | Reached skill level 5 in Invocations
  8002 | D:9      | Noticed Harold
  8016 | D:9      | Killed Harold
  8087 | D:9      | Reached ****** piety under Lugonu
  8164 | D:9      | Killed an unseen horror
  8394 | D:9      | Noticed Maurice
  8412 | D:9      | Killed Maurice
  8412 | D:9      | Reached XP level 11. HP: 68/68 MP: 15/15
  8618 | D:9      | Noticed a two-headed ogre
  8635 | D:9      | Killed a two-headed ogre
  8638 | D:9      | Found a stormy altar of Qazlal.
  8773 | D:10     | Entered Level 10 of the Dungeon
  9205 | D:10     | Reached skill level 5 in Stealth
  9283 | D:10     | Found a staircase to the Orcish Mines.
  9446 | D:10     | Found a runed door.
  9458 | D:10     | Noticed CcS's ghost (novice MiFi)
  9564 | D:10     | Noticed Snorg
  9587 | D:10     | Killed Snorg
  9587 | D:10     | Reached skill level 5 in Axes
 10348 | D:10     | Killed CcS's ghost
 10489 | D:11     | Noticed a cyclops
 10712 | D:11     | Killed a cyclops
 10977 | D:11     | Reached XP level 12. HP: 52/76 MP: 17/17
 11150 | D:11     | Noticed a centaur warrior
 11168 | D:11     | Killed a centaur warrior
 11879 | D:11     | Noticed a two-headed ogre
 11888 | D:11     | Killed a two-headed ogre
 12000 | D:11     | Noticed a two-headed ogre
 12011 | D:11     | Killed a two-headed ogre
 12443 | D:12     | Annihilated by a titanic slime creature

Skill      XL: |  1  2  3  4  5  6  7  8  9 10 11 12 |
---------------+-------------------------------------+-----
Axes           | 2 3 4 5 6 |  6.6
Dodging        | 1 2 3 4 5 6 7 |  7.5
Armour         | 3 4 5 7 8 9 |  9.9
Fighting       | 4 5 6 7 8 9 |  9.4
Maces & Flails | 2 4 6 7 8 |  8.9
Stealth        | 2 4 5 |  5.0
Invocations    | 4 6 7 |  7.9

Action                   |  1- 3 |  4- 6 |  7- 9 | 10-12 || total
-------------------------+-------+-------+-------+-------++-------
Melee: Hand axe          |    51 |       |       |       ||    51
       Whip              |    55 |   225 |   515 |   961 ||  1756
       Kick              |       |    35 |    29 |       ||    64
       Halberd           |       |       |     8 |       ||     8
Invok: Depart the Abyss  |     1 |       |       |       ||     1
Evoke: Wand              |       |       |       |     2 ||     2
  Use: Scroll            |       |    11 |     4 |     9 ||    24
       Potion            |       |     7 |     4 |       ||    11
  Eat: Chunk             |     2 |     6 |    14 |    14 ||    36
       Ration            |       |       |     1 |     1 ||     2
Armor: Ring mail         |    75 |    74 |       |       ||   149
       Plate armour      |       |    92 |     3 |       ||    95
       Chain mail        |       |       |   312 |   498 ||   810
Dodge: Dodged            |    72 |   145 |   285 |   535 ||  1037
